Workbook

Sheet Paramètres
A1: TABLEAU D'AMORTISSEMENT AVEC ASSURANCE — PARAMÈTRES DU PRÊT
A2: Zone de saisie (cellules jaunes)
A3: Emprunteur | B3: Camille Durand
A4: Bien financé | B4: 24 cours Gambetta, 33000 Bordeaux | H4: Table de référence des assurances
A5: Type de projet | B5: Résidence principale | H5: Type de projet | I5: Taux d'assurance annuel
A6: Capital emprunté | B6: 240000 | H6: Résidence principale | I6: 0.0025
A7: Durée (mois) | B7: 240 | H7: Investissement locatif | I7: 0.003
A8: Taux nominal annuel | B8: 0.0355 | H8: Résidence secondaire | I8: 0.0028
A9: Taux d'assurance annuel | B9: =IFERROR(VLOOKUP(B5,H5:I7,2,FALSE),0)
A10: Date de première échéance | B10: 46270
A11: Assurance | B11: Sur capital initial
A12: Frais de dossier | B12: 1200
A13: Frais de garantie | B13: 2400
A14: Frais de notaire estimés | B14: 0.075
A16: Indicateurs calculés
A17: Mensualité hors assurance | B17: =-PMT(B8/12,B7,-B6)
A18: Assurance mensuelle | B18: =B6*B9/12
A19: Mensualité totale | B19: =B17+B18
A20: Coût total des intérêts (période affichée) | B20: =SUM('Amortissement'!F6:F15)
A21: Coût total de l'assurance (période affichée) | B21: =SUM('Amortissement'!G6:G15)
A22: Taux de financement global | B22: =(B6+B12+B13)/B6-1
A23: Alerte de durée | B23: =IF(B7>300,"Durée longue : vérifier le coût total","Durée standard")

Sheet Amortissement
A1: TABLEAU D'AMORTISSEMENT MENSUEL
A2: 10 échéances d'exemple, de septembre 2026 à juin 2027 — le tableau peut être étendu jusqu'à la durée complète du prêt.
A5: N° échéance | B5: Date d'échéance | C5: Capital restant dû début | D5: Mensualité hors assurance | E5: Capital amorti | F5: Intérêts | G5: Assurance emprunteur | H5: Mensualité totale | I5: Capital restant dû fin | J5: Part de capital dans l'échéance | K5: Cumul des intérêts | L5: Cumul de l'assurance | M5: Statut
A6: 1 | B6: ='Paramètres'!B10 | C6: ='Paramètres'!B6 | D6: ='Paramètres'!B17 | E6: =MIN(D6-F6,C6) | F6: =C6*'Paramètres'!B8/12 | G6: ='Paramètres'!B18 | H6: =D6+G6 | I6: =MAX(0,C6-E6) | J6: =IFERROR(E6/D6,0) | K6: =SUM($F$6:F6) | L6: =SUM($G$6:G6) | M6: =IF(I6=0,"Prêt remboursé","En cours")
A7: =A6+1 | B7: =EDATE(B6,1) | C7: =I6 | D7: ='Paramètres'!B17 | E7: =MIN(D7-F7,C7) | F7: =C7*'Paramètres'!B8/12 | G7: ='Paramètres'!B18 | H7: =D7+G7 | I7: =MAX(0,C7-E7) | J7: =IFERROR(E7/D7,0) | K7: =SUM($F$6:F7) | L7: =SUM($G$6:G7) | M7: =IF(I7=0,"Prêt remboursé","En cours")
A8: =A7+1 | B8: =EDATE(B7,1) | C8: =I7 | D8: ='Paramètres'!B17 | E8: =MIN(D8-F8,C8) | F8: =C8*'Paramètres'!B8/12 | G8: ='Paramètres'!B18 | H8: =D8+G8 | I8: =MAX(0,C8-E8) | J8: =IFERROR(E8/D8,0) | K8: =SUM($F$6:F8) | L8: =SUM($G$6:G8) | M8: =IF(I8=0,"Prêt remboursé","En cours")
A9: =A8+1 | B9: =EDATE(B8,1) | C9: =I8 | D9: ='Paramètres'!B17 | E9: =MIN(D9-F9,C9) | F9: =C9*'Paramètres'!B8/12 | G9: ='Paramètres'!B18 | H9: =D9+G9 | I9: =MAX(0,C9-E9) | J9: =IFERROR(E9/D9,0) | K9: =SUM($F$6:F9) | L9: =SUM($G$6:G9) | M9: =IF(I9=0,"Prêt remboursé","En cours")
A10: =A9+1 | B10: =EDATE(B9,1) | C10: =I9 | D10: ='Paramètres'!B17 | E10: =MIN(D10-F10,C10) | F10: =C10*'Paramètres'!B8/12 | G10: ='Paramètres'!B18 | H10: =D10+G10 | I10: =MAX(0,C10-E10) | J10: =IFERROR(E10/D10,0) | K10: =SUM($F$6:F10) | L10: =SUM($G$6:G10) | M10: =IF(I10=0,"Prêt remboursé","En cours")
A11: =A10+1 | B11: =EDATE(B10,1) | C11: =I10 | D11: ='Paramètres'!B17 | E11: =MIN(D11-F11,C11) | F11: =C11*'Paramètres'!B8/12 | G11: ='Paramètres'!B18 | H11: =D11+G11 | I11: =MAX(0,C11-E11) | J11: =IFERROR(E11/D11,0) | K11: =SUM($F$6:F11) | L11: =SUM($G$6:G11) | M11: =IF(I11=0,"Prêt remboursé","En cours")
A12: =A11+1 | B12: =EDATE(B11,1) | C12: =I11 | D12: ='Paramètres'!B17 | E12: =MIN(D12-F12,C12) | F12: =C12*'Paramètres'!B8/12 | G12: ='Paramètres'!B18 | H12: =D12+G12 | I12: =MAX(0,C12-E12) | J12: =IFERROR(E12/D12,0) | K12: =SUM($F$6:F12) | L12: =SUM($G$6:G12) | M12: =IF(I12=0,"Prêt remboursé","En cours")
A13: =A12+1 | B13: =EDATE(B12,1) | C13: =I12 | D13: ='Paramètres'!B17 | E13: =MIN(D13-F13,C13) | F13: =C13*'Paramètres'!B8/12 | G13: ='Paramètres'!B18 | H13: =D13+G13 | I13: =MAX(0,C13-E13) | J13: =IFERROR(E13/D13,0) | K13: =SUM($F$6:F13) | L13: =SUM($G$6:G13) | M13: =IF(I13=0,"Prêt remboursé","En cours")
A14: =A13+1 | B14: =EDATE(B13,1) | C14: =I13 | D14: ='Paramètres'!B17 | E14: =MIN(D14-F14,C14) | F14: =C14*'Paramètres'!B8/12 | G14: ='Paramètres'!B18 | H14: =D14+G14 | I14: =MAX(0,C14-E14) | J14: =IFERROR(E14/D14,0) | K14: =SUM($F$6:F14) | L14: =SUM($G$6:G14) | M14: =IF(I14=0,"Prêt remboursé","En cours")
A15: =A14+1 | B15: =EDATE(B14,1) | C15: =I14 | D15: ='Paramètres'!B17 | E15: =MIN(D15-F15,C15) | F15: =C15*'Paramètres'!B8/12 | G15: ='Paramètres'!B18 | H15: =D15+G15 | I15: =MAX(0,C15-E15) | J15: =IFERROR(E15/D15,0) | K15: =SUM($F$6:F15) | L15: =SUM($G$6:G15) | M15: =IF(I15=0,"Prêt remboursé","En cours")
A16: Total période affichée | E16: =SUM(E6:E15) | F16: =SUM(F6:F15) | G16: =SUM(G6:G15) | H16: =SUM(H6:H15) | J16: =AVERAGE(J6:J15) | M16: =COUNTIF(M6:M15,"En cours")&" éch. en cours"

Sheet Synthèse
A1: SYNTHÈSE DU FINANCEMENT — CAMILLE DURAND
A2: 24 cours Gambetta, 33000 Bordeaux — Résidence principale
A4: Indicateurs clés
A5: Capital emprunté | B5: ='Paramètres'!B6
A6: Durée du prêt (mois) | B6: ='Paramètres'!B7
A7: Taux nominal | B7: ='Paramètres'!B8
A8: Taux d'assurance | B8: ='Paramètres'!B9
A9: Mensualité hors assurance | B9: ='Paramètres'!B17
A10: Assurance mensuelle | B10: ='Paramètres'!B18
A11: Mensualité totale | B11: ='Paramètres'!B19
A12: Intérêts sur la période affichée | B12: ='Paramètres'!B20
A13: Assurance sur la période affichée | B13: ='Paramètres'!B21
A14: Capital restant dû après 10 échéances | B14: ='Amortissement'!I15
A15: Coût total estimé du crédit (intérêts + assurance) | B15: =B12+B13
A16: Ratio intérêts + assurance / capital emprunté | B16: =IFERROR(B15/B5,0)
A18: Revenus mensuels nets (à renseigner) | B18: 0
A19: Taux d'endettement indicatif | B19: =IF(B18=0,"À renseigner",B11/B18)
A20: Alerte taux d'endettement | B20: =IF(ISNUMBER(B19),IF(B19>0.35,"Alerte : dépassement du seuil de 35 %","Dans la limite indicative de 35 %"),"Revenus à renseigner")

Sheet Instructions
A1: MODE D'EMPLOI
A3: 1 | B3: Modifier uniquement les cellules jaunes de la feuille « Paramètres » (emprunteur, bien, capital, durée, taux, frais, revenus).
A4: 2 | B4: Le taux d'assurance est appliqué au capital initial emprunté, et récupéré automatiquement selon le type de projet.
A5: 3 | B5: La feuille « Amortissement » présente 10 échéances d'exemple à partir du 05/09/2026 ; elle peut être étendue jusqu'à la durée complète du prêt en recopiant la dernière ligne.
A6: 4 | B6: La feuille « Synthèse » affiche les indicateurs clés, le taux d'endettement indicatif et deux graphiques d'évolution.
A7: 5 | B7: Les calculs sont indicatifs et doivent être comparés à l'offre bancaire et au TAEG.
A8: 6 | B8: Vérifier les garanties, exclusions, quotités et conditions de l'assurance emprunteur.
A9: 7 | B9: Les taux, frais et échéances doivent être confirmés par la banque ou le courtier.
